 Dungeon Crawl Stone Soup version 0.29.0-7-g18a832c13a (webtiles) character file.

Game seed: 4428201065876951931

20336 Renzlar the Blocker (level 12, 48/98 HPs)
             Began as a Gnoll Fighter on Aug 31, 2022.
             Was a High Priest of Okawaru.
             Quit the game on level 2 of the Lair of Beasts.
             The game lasted 00:55:37 (11791 turns).

Renzlar the Blocker (Gnoll Fighter)                Turns: 11791, Time: 00:55:38

Health: 48/98      AC: 24    Str: 21    XL:     12   Next: 78%
Magic:  23/23      EV: 13    Int:  7    God:    Okawaru [*****.]
Gold:   207        SH: 12    Dex: 16    Spells: 24/26 levels left

rFire   . . .      SeeInvis .   c - +0 sling
rCold   . . .      Faith    .   s - +0 kite shield
rNeg    . . .      Spirit   .   b - +2 scale mail
rPois   .          Reflect  .   P - +1 hat {Stlth+}
rElec   .          Harm     .   M - +2 cloak
rCorr   +          Rampage  .   T - +2 pair of gloves
Will    +....                   v - +0 pair of boots
Stlth   +++.......              E - amulet of regeneration
HPRegen 1.06/turn               h - +4 ring of protection
MPRegen 0.18/turn               r - ring of Pirghef {Will+ rCorr Dex+4}

@: no status effects
A: fangs 1, strong nose, distributed training
a: Renounce Religion, Heroism, Finesse, Duel


You were on level 2 of the Lair of Beasts.
You worshipped Okawaru.
Okawaru was extremely pleased with you.
You visited 3 branches of the dungeon, and saw 15 of its levels.

You collected 849 gold pieces.
You spent 642 gold pieces at shops.

Inventory:

Hand Weapons
 a - a +1 war axe
 c - a +0 sling (weapon)
 d - a +0 broad axe of flaming
 e - a +2 scimitar of electrocution
 f - the +7 spear of True Grit {flame, rF+ rCorr Int+2}
   (You bought it in a shop on level 4 of the Dungeon)

   It burns those it strikes, dealing additional fire damage.
   Int:       It affects your intelligence (+2).
   rF:        It protects you from fire.
   rCorr:     It protects you from acid and corrosion.
 C - a +1 dagger of electrocution
Missiles
 z - 22 poisoned darts
 B - 12 javelins
 D - 3 curare-tipped darts
 J - 5 throwing nets
Armour
 b - a +2 scale mail (worn)
 s - a +0 kite shield (worn)
 v - a +0 pair of boots (worn)
 G - +0 steam dragon scales
 M - a +2 cloak (worn)
 P - a +1 hat of stealth (worn)
 T - a +2 pair of gloves (worn)
Jewellery
 h - a +4 ring of protection (left hand)
 r - the ring of Pirghef (right hand) {Will+ rCorr Dex+4}
   (You found it on level 2 of the Dungeon)

   [ring of willpower]

   Dex:       It affects your dexterity (+4).
   rCorr:     It protects you from acid and corrosion.
   Will:      It increases your willpower.
 E - an amulet of regeneration (around neck)
 H - a ring of fire
 I - an amulet of reflection
 O - a ring of protection from cold
Wands
 i - a wand of iceblast (1)
 p - a wand of flame (9)
 K - a wand of paralysis (20)
 Q - a wand of mindburst (7)
Scrolls
 k - 2 scrolls of fog
 n - 7 scrolls of poison
 o - 2 scrolls of enchant weapon
 t - a scroll of magic mapping
 u - 9 scrolls of teleportation
 y - 2 scrolls of enchant armour
 R - a scroll of identify
 S - a scroll of blinking
Potions
 g - 7 potions of heal wounds
 j - 5 potions of curing
 l - a potion of flight {unknown}
 m - 2 potions of berserk rage {unknown}
 q - 2 potions of degeneration {unknown}
 w - a potion of cancellation {unknown}
 A - a potion of magic {unknown}
 F - 3 potions of might
 L - 2 potions of mutation {unknown}
 N - a potion of haste {unknown}


   Skills:
 + Level 10.3 Fighting
 + Level 7.9 Short Blades
 + Level 7.9 Long Blades
 + Level 9.2 Axes
 + Level 7.9 Maces & Flails
 + Level 7.9 Polearms
 + Level 7.9 Staves
 + Level 7.9 Ranged Weapons
 + Level 7.9 Throwing
 + Level 10.3 Armour
 + Level 7.9 Dodging
 + Level 7.9 Stealth
 + Level 10.3 Shields
 + Level 7.9 Unarmed Combat
 + Level 7.9 Spellcasting
 + Level 6.5 Conjurations
 + Level 6.5 Hexes
 + Level 6.5 Summonings
 + Level 6.5 Necromancy
 + Level 6.5 Translocations
 + Level 6.5 Transmutations
 + Level 6.5 Fire Magic
 + Level 6.5 Ice Magic
 + Level 6.5 Air Magic
 + Level 6.5 Earth Magic
 + Level 6.5 Poison Magic
 + Level 8.6 Invocations
 + Level 7.9 Evocations


You had 24 spell levels left.
You knew the following spells:

 Your Spells              Type           Power      Damage    Failure   Level
a - Wereblood             Tmut           11%        N/A       11%         2

Your spell library contained the following spells:

 Spells                   Type           Power      Damage    Failure   Level
 Magic Dart               Conj           44%        1d5       7%          1
 Static Discharge         Conj/Air       11%        3-5/arc   11%         2
 Sublimation of Blood     Necr           11%        N/A       11%         2
 Mephitic Cloud           Conj/Pois/Air  11%        N/A       22%         3
 Dispel Undead            Necr           11%        3d9       56%         4
 Sticky Flame             Conj/Fire      11%        2d3       56%         4
 Alistair's Intoxication  Tmut/Pois      7%         N/A       89%         5
 Borgnjor's Vile Clutch   Necr/Erth      5%         N/A       89%         5
 Eringya's Noxious Bog    Tmut/Pois      5%         N/A       100%        6
 Orb of Destruction       Conj           5%         9d5       100%        7
 Call Imp                 Summ           Unusable   N/A       N/A         2
 Summon Guardian Golem    Hex/Summ       Unusable   N/A       N/A         3
 Spellforged Servitor     Conj/Summ      Unusable   N/A       N/A         7
 Summon Hydra             Summ           Unusable   N/A       N/A         7

Dungeon Overview and Level Annotations

Branches:
Dungeon (11/15)            Temple (1/1) D:5            Lair (3/5) D:8
 Spider (0/4) Lair:2          Orc (0/2) D:11
  Swamp: Lair:2-3    Shoals: Lair:2-3

Altars:
Fedhas
Gozag
Hepliaklqana
Kikubaaqudgha
Okawaru
Qazlal
Trog
Uskayaw
Vehumet
Yredelemnul
Zin

Shops:
D:4 (   D:7 **

Annotations:
D:3 2 transporters, SensoryNuts's ghost, amateur MiFi
Lair:2 Prince Ribbit; Urug


Innate Abilities, Weirdness & Mutations

You have very sharp teeth.
Your uncanny sense of smell can sniff out nearby items.
Your experience applies equally to all skills.


Message History

You block the bullfrog's attack.
You hit the komodo dragon.
The komodo dragon is moderately wounded.
You block the bullfrog's attack. You block the komodo dragon's attack.
You slash the komodo dragon!
You bite the komodo dragon, but do no damage.
The komodo dragon is heavily wounded.
You block the bullfrog's attack. The komodo dragon bites you!
You block the bullfrog's attack.
You slash the komodo dragon!
The komodo dragon is severely wounded.
You block the bullfrog's attack. The komodo dragon bites you!!
* * * LOW HITPOINT WARNING * * *
The bullfrog closely misses you.
The komodo dragon bites you but does no damage.
Unknown command.
You slash the komodo dragon!
You kill the komodo dragon!
Okawaru accepts your kill. You block the bullfrog's attack.
You closely miss the bullfrog.
The bullfrog hits you but does no damage.
The bullfrog closely misses you.
You slice the bullfrog!! Your bite misses the bullfrog.
The bullfrog is almost dead.
The bullfrog hits you.
* * * LOW HITPOINT WARNING * * *
You block the bullfrog's attack.
You hit the bullfrog. Lightning courses through the bullfrog!
You kill the bullfrog!
Okawaru accepts your kill.
Your +2 scimitar of electrocution stops crackling.
c - a +0 sling (weapon)
A blink frog comes into view.
Prince Ribbit comes into view.
Prince Ribbit blinks!
Prince Ribbit moves out of view.
A blink frog comes into view.
A blink frog comes into view.
Prince Ribbit catches a butterfly with his tongue.
Are you sure you want to abandon this character and quit the game? (Confirm with "yes".)

##......#..###P.####.##...?
##.....#.)#.#...#P#.#P...
#.....#.................
#.....#..####P.....#...
#.....#...# #......# .
#........####...####..
##.....#..# #P...#.#...
#......#..# #.....F..F.
##.....#..####.@F......
#....>.##..##....##.PF.
##......##..##....####..
#.P.....##.####....# .
...........# ##†...#
.(.........###..†.#.#
....................#
.......................
........................


You could see Prince Ribbit and 3 blink frogs.

Vanquished Creatures
  Harold (D:11)
  A two-headed ogre (D:8)
  Sonja (D:11)
  Nergalle (D:11)
  An oklob plant (Lair:1)
  2 ugly things
  A manticore (D:11)
  Maurice (D:11)
  2 cyclopes (D:11)
  3 black mambas
  Maggie (D:7)
  3 cane toads (Lair:1)
  An unseen horror (D:11)
  4 komodo dragons
  A hornet (D:11)
  4 trolls
  3 blink frogs (Lair:3)
  Sigmund (D:5)
  2 wraiths
  27 yaks
  2 wyverns
  4 water moccasins
  4 orc warriors
  2 black bears
  4 ogres
  3 centaurs
  2 phantoms
  4 kobold brigands
  10 bullfrogs
  5 gnoll sergeants (D:11)
  5 scorpions
  A necrophage (D:5)
  15 wights
  9 killer bees
  4 howler monkeys
  A hound (D:5)
  5 orc priests
  6 jellies
  Crazy Yiuf (D:3)
  A gnoll bouda (D:7)
  5 iguanas
  14 orc wizards
  Robin (D:3)
  6 adders
  24 gnolls
  2 shadow imps
  A white imp (D:7)
  4 dart slugs
  44 orcs
  4 ball pythons
  4 endoplasms
  3 giant cockroaches
  12 goblins
  12 hobgoblins
  2 quokkas (D:4)
  9 bats
  2 frilled lizards
  15 kobolds
  3 rats
316 creatures vanquished.

Vanquished Creatures (others)
  An unseen horror (D:11)
  14 fungi
  8 plants
23 creatures vanquished.

Grand Total: 339 creatures vanquished

Notes
Turn   | Place    | Note
-------+----------+-------------------------------------------
     0 | D:1      | Renzlar the Gnoll Fighter began the quest for the Orb.
     0 | D:1      | Reached XP level 1. HP: 23/23 MP: 1/1
    83 | D:1      | Reached XP level 2. HP: 27/29 MP: 2/2
   564 | D:1      | Reached XP level 3. HP: 34/35 MP: 3/3
   859 | D:2      | Reached skill level 1 in Invocations
  1002 | D:2      | Reached skill level 1 in Short Blades
  1002 | D:2      | Reached skill level 1 in Long Blades
  1002 | D:2      | Reached skill level 1 in Maces & Flails
  1002 | D:2      | Reached skill level 1 in Polearms
  1002 | D:2      | Reached skill level 1 in Staves
  1002 | D:2      | Reached skill level 1 in Ranged Weapons
  1002 | D:2      | Reached skill level 1 in Throwing
  1002 | D:2      | Reached skill level 1 in Dodging
  1002 | D:2      | Reached skill level 1 in Stealth
  1002 | D:2      | Reached skill level 1 in Unarmed Combat
  1002 | D:2      | Reached skill level 1 in Spellcasting
  1002 | D:2      | Reached skill level 1 in Evocations
  1015 | D:2      | Identified the ring of Pirghef {Will+ rCorr Dex+4}
  1052 | D:2      | Reached XP level 4. HP: 38/41 MP: 5/5
  1751 | D:3      | Noticed Robin
  1758 | D:3      | Killed Robin
  1759 | D:3      | Reached skill level 1 in Conjurations
  1759 | D:3      | Reached skill level 1 in Hexes
  1759 | D:3      | Reached skill level 1 in Summonings
  1759 | D:3      | Reached skill level 1 in Necromancy
  1759 | D:3      | Reached skill level 1 in Translocations
  1759 | D:3      | Reached skill level 1 in Transmutations
  1759 | D:3      | Reached skill level 1 in Fire Magic
  1759 | D:3      | Reached skill level 1 in Ice Magic
  1759 | D:3      | Reached skill level 1 in Air Magic
  1759 | D:3      | Reached skill level 1 in Earth Magic
  1759 | D:3      | Reached skill level 1 in Poison Magic
  1779 | D:3      | Found a transporter.
  1782 | D:3      | Noticed SensoryNuts's ghost (amateur MiFi)
  1797 | D:3      | Found a transporter.
  1830 | D:3      | Found an opulent altar of Gozag.
  1926 | D:3      | Reached XP level 5. HP: 44/47 MP: 5/7
  2115 | D:3      | Found a runed translucent door.
  2116 | D:3      | Noticed Crazy Yiuf
  2131 | D:3      | Killed Crazy Yiuf
  2383 | D:3      | Found an ancient bone altar of Kikubaaqudgha.
  2384 | D:3      | Found a blossoming altar of Fedhas.
  2690 | D:4      | Reached XP level 6. HP: 6/53 MP: 8/8
  3018 | D:4      | Found Nuliaj's Weapon Boutique.
  3059 | D:4      | Reached skill level 5 in Axes
  3449 | D:4      | Found a radiant altar of Vehumet.
  3519 | D:4      | Reached XP level 7. HP: 60/60 MP: 10/10
  3538 | D:4      | Found a basalt altar of Yredelemnul.
  3592 | D:5      | Entered Level 5 of the Dungeon
  3725 | D:5      | Noticed Sigmund
  3738 | D:5      | Killed Sigmund
  3942 | D:5      | Reached XP level 8. HP: 53/67 MP: 12/12
  4273 | D:5      | Found a staircase to the Ecumenical Temple.
  4279 | Temple   | Entered the Ecumenical Temple
  4298 | Temple   | Became a worshipper of Warmaster Okawaru
  5092 | D:6      | Reached * piety under Okawaru
  5107 | D:6      | Reached XP level 9. HP: 46/73 MP: 14/14
  6083 | D:6      | Found a bloodstained altar of Trog.
  6083 | D:6      | Found a glowing silver altar of Zin.
  6369 | D:7      | Found Xir Bimiubu's Assorted Antiques.
  6375 | D:7      | Noticed Maggie
  6393 | D:7      | Killed Maggie
  6393 | D:7      | Reached ** piety under Okawaru
  6394 | D:7      | Reached skill level 5 in Invocations
  6509 | D:7      | Noticed a troll
  6520 | D:7      | Killed a troll
  6799 | D:7      | Found Yshep's Mass Market.
  6978 | D:8      | Reached skill level 5 in Short Blades
  6978 | D:8      | Reached skill level 5 in Long Blades
  6978 | D:8      | Reached skill level 5 in Maces & Flails
  6978 | D:8      | Reached skill level 5 in Polearms
  6978 | D:8      | Reached skill level 5 in Staves
  6978 | D:8      | Reached skill level 5 in Ranged Weapons
  6978 | D:8      | Reached skill level 5 in Throwing
  6978 | D:8      | Reached skill level 5 in Dodging
  6978 | D:8      | Reached skill level 5 in Stealth
  6978 | D:8      | Reached skill level 5 in Unarmed Combat
  6978 | D:8      | Reached skill level 5 in Spellcasting
  6978 | D:8      | Reached skill level 5 in Evocations
  6978 | D:8      | Reached XP level 10. HP: 81/81 MP: 17/17
  6981 | D:8      | Reached *** piety under Okawaru
  7017 | D:8      | Found a staircase to the Lair.
  7734 | D:9      | Noticed a two-headed ogre
  7759 | D:8      | Killed a two-headed ogre
  7759 | D:8      | Reached **** piety under Okawaru
  7957 | D:9      | Found a hide-covered altar of Uskayaw.
  8405 | D:10     | Entered Level 10 of the Dungeon
  8629 | D:10     | Reached skill level 5 in Conjurations
  8629 | D:10     | Reached skill level 5 in Hexes
  8629 | D:10     | Reached skill level 5 in Summonings
  8629 | D:10     | Reached skill level 5 in Necromancy
  8629 | D:10     | Reached skill level 5 in Translocations
  8629 | D:10     | Reached skill level 5 in Transmutations
  8629 | D:10     | Reached skill level 5 in Fire Magic
  8629 | D:10     | Reached skill level 5 in Ice Magic
  8629 | D:10     | Reached skill level 5 in Air Magic
  8629 | D:10     | Reached skill level 5 in Earth Magic
  8629 | D:10     | Reached skill level 5 in Poison Magic
  8629 | D:10     | Reached XP level 11. HP: 72/89 MP: 18/20
  8939 | D:11     | Noticed a red ugly thing
  8960 | D:10     | Killed a red ugly thing
  8968 | D:11     | Reached ***** piety under Okawaru
  9051 | D:11     | Noticed a manticore
  9069 | D:11     | Killed a manticore
  9105 | D:11     | Received a gift from Okawaru
  9146 | D:11     | Noticed a purple ugly thing
  9159 | D:11     | Killed a purple ugly thing
  9327 | D:4      | Bought the +7 spear of True Grit {flame, rF+ rCorr Int+2}
                  | for 642 gold pieces
  9480 | D:11     | Noticed a cyclops
  9494 | D:11     | Killed a cyclops
  9494 | D:11     | Received a gift from Okawaru
  9567 | D:11     | Noticed Maurice
  9577 | D:11     | Killed Maurice
  9627 | D:11     | Noticed Nergalle
  9657 | D:11     | Killed Nergalle
  9871 | D:11     | Found a staircase to the Orcish Mines.
 10070 | D:11     | Noticed Sonja
 10079 | D:11     | Killed Sonja
 10100 | D:11     | Noticed Harold
 10114 | D:11     | Killed Harold
 10154 | D:11     | Noticed a cyclops
 10166 | D:11     | Killed a cyclops
 10316 | Lair:1   | Entered Level 1 of the Lair of Beasts
 10319 | Lair:1   | Reached XP level 12. HP: 97/97 MP: 22/22
 10482 | Lair:1   | Received a gift from Okawaru
 10816 | Lair:1   | Found a radiant altar of Vehumet.
 10835 | Lair:1   | Received a gift from Okawaru
 10899 | Lair:1   | Reached skill level 10 in Fighting
 10899 | Lair:1   | Reached skill level 10 in Armour
 10899 | Lair:1   | Reached skill level 10 in Shields
 10995 | Lair:2   | Learned a level 2 spell: Wereblood
 11088 | Lair:2   | Received a gift from Okawaru
 11420 | Lair:2   | Found a hole to the Spider Nest.
 11443 | Lair:2   | Noticed Urug
 11448 | Lair:2   | You fall into a shaft and drop 1 floor!
 11552 | Lair:3   | Found the +3 salamander hide armour {Flames rF++ rC--}
 11786 | Lair:2   | Noticed Prince Ribbit
 11791 | Lair:2   | Quit the game

Illustrated notes

Levels and vault maps discovered:
D:1:      dpeg_arrival_radiant, layout_rooms
D:2:      layout_basic, minivault_23
D:3:      layout_basic, grunt_gozag_statues,
          grunt_temple_overflow_growth_and_decay, gammafunk_ghost_stat_death,
          uniq_crazy_yiuf_cottage, uniq_robin
D:4:      layout_rooms, vehumet_crystals, lemuel_coloured_pillars_altar,
          serial_glass, glass_columns_a, glass_columns_c, serial_shops, shop
D:5:      layout_loops_cross, minmay_temple_entry_wispy, nrook_pool_corridor,
          uniq_sigmund
D:6:      layout_basic, gammafunk_temple_overflow_elements, serial_rivers,
          chequers_serial_rivers_room_b, chequers_serial_rivers_room_a,
          chequers_serial_rivers_large_b, chequers_serial_rivers_micro_b,
          chequers_serial_rivers_micro_e, chequers_serial_rivers_micro_d
D:7:      layout_cave_pools, serial_shops, shop_coins, minmay_shop_mass,
          uniq_maggie
D:8:      layout_gridville, grunt_lair_entry_orc_guard_hut, grunt_ministairs_3,
          grunt_tough_drop
D:9:      layout_cave_pools, mainiacjoe_overflow_tiny_flanked,
          chequers_serial_rivers_room_a, eino_tiny_chamber
D:10:     layout_cave_pools, minmay_misc_feat_five
D:11:     layout_loops_ring, kennysheep_orc_monster_closet_entryway,
          uniq_nergalle, uniq_harold, uniq_maurice, uniq_sonja
Temple:   jpeg_temple_clearing
Lair:1:   layout_big_grid, lemuel_oklob_altar
Lair:2:   layout_gridlike, shoals_dummy_entry,
          hellmonk_spider_entry_not_the_bees, lemuel_fruit_tree,
          serial_bayou_shore_b, uniq_urug, uniq_prince_ribbit2
Lair:3:   layout_regular_city, grunt_megastairs_2

Skill      XL: |  1  2  3  4  5  6  7  8  9 10 11 12 |
---------------+-------------------------------------+-----
Invocations    | 1 2 3 4 5 6 7 8 |  8.6
Short Blades   | 1 2 3 5 6 7 |  7.9
Long Blades    | 1 2 3 5 6 7 |  7.9
Maces & Flails | 1 2 3 5 6 7 |  7.9
Polearms       | 1 2 3 5 6 7 |  7.9
Staves         | 1 2 3 5 6 7 |  7.9
Ranged Weapons | 1 2 3 5 6 7 |  7.9
Throwing       | 1 2 3 5 6 7 |  7.9
Dodging        | 1 2 3 5 6 7 |  7.9
Stealth        | 1 2 3 5 6 7 |  7.9
Unarmed Combat | 1 2 3 5 6 7 |  7.9
Spellcasting   | 1 2 3 5 6 7 |  7.9
Evocations     | 1 2 3 5 6 7 |  7.9
Conjurations   | 1 2 3 4 5 6 |  6.5
Hexes          | 1 2 3 4 5 6 |  6.5
Summonings     | 1 2 3 4 5 6 |  6.5
Necromancy     | 1 2 3 4 5 6 |  6.5
Translocations | 1 2 3 4 5 6 |  6.5
Transmutations | 1 2 3 4 5 6 |  6.5
Fire Magic     | 1 2 3 4 5 6 |  6.5
Ice Magic      | 1 2 3 4 5 6 |  6.5
Air Magic      | 1 2 3 4 5 6 |  6.5
Earth Magic    | 1 2 3 4 5 6 |  6.5
Poison Magic   | 1 2 3 4 5 6 |  6.5
Axes           | 5 6 7 8 9 |  9.2
Fighting       | 7 8 9 10 | 10.3
Armour         | 7 8 9 10 | 10.3
Shields        | 7 8 9 10 | 10.3

Action                   |  1- 3 |  4- 6 |  7- 9 | 10-12 || total
-------------------------+-------+-------+-------+-------++-------
Melee: War axe           |    65 |    80 |   196 |    21 ||   362
       Bite              |     1 |     7 |    31 |    79 ||   118
       Hand axe          |       |    24 |    19 |       ||    43
       Broad axe         |       |       |    37 |   172 ||   209
       Scimitar          |       |       |       |   346 ||   346
       Dagger            |       |       |       |     7 ||     7
       Spear             |       |       |       |     3 ||     3
 Fire: Sling             |    26 |    61 |   114 |   156 ||   357
Throw: Throwing net      |       |       |       |     1 ||     1
Invok: Heroism           |       |       |     1 |     3 ||     4
Evoke: Wand              |       |       |       |     4 ||     4
  Use: Scroll            |     7 |     4 |     5 |     4 ||    20
       Potion            |       |       |     1 |     2 ||     3
 Stab: Paralysed         |       |       |       |     3 ||     3
       Sleeping          |       |       |       |     4 ||     4
Armor: Scale mail        |    21 |    75 |   167 |   251 ||   514
       Chain mail        |    28 |     2 |       |       ||    30
Dodge: Dodged            |    30 |    58 |   117 |   237 ||   442
Block: Buckler           |    27 |       |       |       ||    27
       Kite shield       |       |    92 |   215 |   379 ||   686
